 Dungeon Crawl Stone Soup version 0.17-a0-1945-gfe993df (webtiles) character file.

1659 4thArraOfDagon the Basher (level 9, -4/93 HPs)
             Began as an Ogre Berserker on Sept 30, 2015.
             Was a Believer of Trog.
             Slain by an orc
             ... wielding a +0 whip
              (5 damage)
             ... on level 1 of the Orcish Mines.
             The game lasted 00:07:36 (1449 turns).

4thArraOfDagon the Basher (Ogre Berserker)          Turns: 1449, Time: 00:07:36

Health: -4/93      AC:  3    Str: 27      XL:     9   Next: 0%
Magic:  18/18      EV: 10    Int:  4 (6)  God:    Trog [**....]
Gold:   227        SH:  0    Dex:  8 (9)  Spells: 0 memorised, 8 levels left

rFire  + . .     SeeInvis .     j - +0 giant spiked club
rCold  . . .     Clarity  .     b - +0 animal skin
rNeg   . . .     SustAt   .     (no shield)
rPois  .         Gourm    .     (helmet restricted)
rElec  .         Spirit   .     (no cloak)
rCorr  .         Warding  .     (gloves unavailable)
rMut   .         Stasis   .     (boots unavailable)
MR     ++...                    (no amulet)
Stlth  +.........               c - ring of magical power
                                u - ring of protection from fire

@: exhausted, regenerating, slowed, very slow, very resistant to hostile
enchantments, very unstealthy
A: unfitting armour, tough skin 1
a: Burn Spellbooks, Berserk, Trog's Hand, Renounce Religion


You were on level 1 of the Orcish Mines.
You worshipped Trog.
Trog was pleased with you.
You were near starving.

You visited 2 branches of the dungeon, and saw 11 of its levels.

You collected 227 gold pieces.

Inventory:

Hand weapons
 a - a +0 mace
 d - a +0 giant spiked club
 e - a +0 morningstar
 j - a +0 giant spiked club (weapon)
Armour
 b - a +0 animal skin (worn)
 k - the cursed +0 plate armour of Defence {rElec Str+4 SInv, unknown}
   (You found it on level 6 of the Dungeon)

   It affects your strength (+4).
   It insulates you from electricity.
   It lets you see invisible.
   It has a curse placed upon it.
Magical staves
 t - an uncursed staff of power {unknown}
Jewellery
 c - a ring of magical power (right hand)
 u - a ring of protection from fire (left hand)
Magical devices
 f - a wand of fire (9)
 p - a wand of frost (21)
Scrolls
 l - a scroll of remove curse
Potions
 g - 3 potions of heal wounds {unknown}
 i - a potion of might
 n - a potion of agility
 r - a potion of lignification {unknown}
 s - a potion of curing
Books
 q - a book of the Dragon

   Spells                             Type                      Level
   a - Flame Tongue                   Conjuration/Fire             1
   b - Cause Fear                     Hexes                        4
   c - Bolt of Fire                   Conjuration/Fire             6
   d - Dragon Form                    Transmutation                7
   e - Dragon's Call                  Summoning                    9
   Trog disapproves of the use of such an item.
Comestibles
 h - a slice of pizza
 m - 5 chunks of flesh
 o - 2 meat rations


   Skills:
 + Level 7.5 Fighting
 * Level 10.2 Maces & Flails
 * Level 5.5 Armour
 - Level 2.6 Dodging


You had 8 spell levels left.
You didn't know any spells.

Dungeon Overview and Level Annotations

Branches:
Dungeon (10/15)               Orc (1/4) D:9
 Temple: D:4-7         Lair: D:8-11

Altars:
Fedhas
Nemelex Xobeh
Okawaru
Xom
Yredelemnul
Zin

Annotations:
D:6 Grinder


Innate Abilities, Weirdness & Mutations

You are too large for most types of armour.
You have tough skin (AC +1).


Message History

Things that are here:
a short sword; an orc corpse Unknown command.
Unknown command.
Unknown command.
You barely miss the orc. The orc completely misses you.
The orc barely misses you. The orc hits you with a whip.
* * * LOW HITPOINT WARNING * * *
Unknown command.
Unknown command.
You closely miss the orc. The orc hits you with a whip.
* * * LOW HITPOINT WARNING * * *
The orc hits you with a club.
* * * LOW HITPOINT WARNING * * *
The orc hits you with a whip.
* * * LOW HITPOINT WARNING * * *
The orc misses you. The orc hits you with a club.
* * * LOW HITPOINT WARNING * * *
The orc hits you with a whip.
You die...

......# .#...$......#
.#.........##
............
.........##..#
.........#...
##o...$.......
#@o).........
########o)........##..
#.#..###.......#......
$.....###...$.#.......
#...###.............
#.........#.........
###...............#
##............#...#..$
##.............<>....o.


You could see 3 orcs.

Vanquished Creatures
  A hippogriff (D:8)
  The ghost of Uberwunderbarhen the Sneak, an average OpAs (D:4)
  Duvessa (D:5)
  2 ogres
  A sky beast (D:5)
  2 orc warriors
  An ice beast (D:6)
  A centaur (D:8)
  Dowan (D:5)
  A giant frog (D:5)
  A scorpion (D:4)
  3 killer bees (D:8)
  A hound (D:4)
  A jelly (D:9)
  2 quasits
  3 orc priests
  3 orc wizards
  A worker ant (D:4)
  The ghost of ololoev the Skirmisher, a weakling HOFi (D:3)
  A shadow imp (D:8)
  An ooze (D:5)
  An adder skeleton (D:4)
  A worm (D:5)
  14 orcs
  2 giant cockroaches
  6 jackals
  A giant gecko skeleton (D:5)
55 creatures vanquished.

Notes
Turn   | Place    | Note
--------------------------------------------------------------
     0 | D:1      | 4thArraOfDagon the Ogre Berserker began the quest for the Orb.
     0 | D:1      | Reached XP level 1. HP: 24/24 MP: 1/1
    39 | D:3      | Noticed ololoev's ghost (weakling HOFi)
    47 | D:3      | Killed ololoev's ghost
    47 | D:3      | Reached skill level 1 in Armour
    47 | D:3      | Reached XP level 2. HP: 29/32 MP: 2/2
   109 | D:4      | Noticed Uberwunderbarhen's ghost (average OpAs)
   132 | D:4      | Killed Uberwunderbarhen's ghost
   132 | D:4      | Reached skill level 5 in Maces & Flails
   132 | D:4      | Reached XP level 3. HP: 32/41 MP: 0/3
   132 | D:4      | Reached XP level 4. HP: 38/49 MP: 0/4
   132 | D:4      | Reached XP level 5. HP: 42/55 MP: 0/5
   243 | D:4      | Reached skill level 6 in Maces & Flails
   295 | D:4      | Reached skill level 5 in Fighting
   297 | D:4      | Reached XP level 6. HP: 57/66 MP: 6/6
   351 | D:4      | Noticed a scorpion
   358 | D:4      | Killed a scorpion
   358 | D:4      | Reached skill level 7 in Maces & Flails
   434 | D:4      | Acquired Trog's second power
   445 | D:4      | Found a sparkling altar of Nemelex Xobeh.
   467 | D:5      | Entered Level 5 of the Dungeon
   523 | D:5      | Reached XP level 7. HP: 72/72 MP: 7/7
   559 | D:5      | Noticed Duvessa
   560 | D:5      | Noticed Dowan
   585 | D:5      | Killed Duvessa
   585 | D:5      | Reached skill level 8 in Maces & Flails
   587 | D:5      | Killed Dowan
   696 | D:6      | Noticed an angel
   697 | D:6      | Found a glowing silver altar of Zin.
   699 | D:6      | Found a shimmering altar of Xom.
   703 | D:6      | Got a dazzling plate armour
   732 | D:6      | Reached XP level 8. HP: 84/84 MP: 8/8
   862 | D:7      | Found an iron altar of Okawaru.
   866 | D:6      | Noticed Grinder
   875 | D:6      | Paralysed by Grinder for 4 turns
   965 | D:8      | Reached skill level 9 in Maces & Flails
  1027 | D:7      | Found a blossoming altar of Fedhas.
  1027 | D:7      | Found a basalt altar of Yredelemnul.
  1111 | D:8      | Reached skill level 5 in Armour
  1195 | D:10     | Entered Level 10 of the Dungeon
  1348 | D:9      | Found a staircase to the Orcish Mines.
  1354 | D:9      | Reached skill level 10 in Maces & Flails
  1391 | Orc:1    | Entered Level 1 of the Orcish Mines
  1438 | Orc:1    | Reached XP level 9. HP: 65/93 MP: 9/9
  1449 | Orc:1    | HP: 3/93 [orc/whip (2)]
  1449 | Orc:1    | HP: 1/93 [orc/club (2)]
  1449 | Orc:1    | Slain by an orc

Vault maps used:
D:1:      elethiomel_arrival_shortcut, minmay_cupped
D:2:      first_bread, lemuel_old_faithful
D:3:      old_standard_altar
D:4:      gammafunk_temple_overflow_forgotten, old_standard_altar
D:5:      uniq_duvessa
D:6:      grunt_temple_overflow_order_and_chaos_1, kennysheep_dice, uniq_pikel,
          uniq_edmund, uniq_grinder
D:7:      lemuel_crystal_altar, nicolae_overflow_hidden_temple,
          minmay_temple_entry_junction2
D:9:      orc_david_3
D:10:     enter_trove_3, grunt_pizzeria, minivault_16
Orc:1:    uniq_snorg

Action                   |  1- 3 |  4- 6 |  7- 9 || total
-------------------------+-------+-------+-------++-------
Melee: Mace              |    15 |    17 |       ||    32
       Morningstar       |       |    52 |    46 ||    98
       Giant spiked club |       |       |    54 ||    54
Invok: Berserk           |     2 |     4 |    11 ||    17
       Trog's Hand       |       |     1 |     5 ||     6
  Use: Potion            |       |     1 |     4 ||     5
       Scroll            |       |       |     6 ||     6
  Eat: Chunk             |       |     5 |    10 ||    15
       Bread ration      |       |       |     1 ||     1
